Map: Pillars of Gold LE

Players

TLHarstem (Harstem)

  • Race: Protoss Protoss
  • League: Master
  • Spawn Location: 1:00

ShaDoWn - Winner!

  • Race: Protoss Protoss
  • League: Master
  • Spawn Location: 7:00

Event: DreamHack SC2 Masters 2020 Winter

VOD

Have the link to the VOD?

Description

Time

  • Played on: Oct. 14, 2020, 2:20 p.m.
  • Length: 4:59

All games in this series

Show
View Real Time Build Order
Export as new Build Order

TLHarstem Protoss 

Build Orders: 1 Gate Expand, Proxy Void Ray 

Get SALT Encoding   

  12  0:00  Probe  
  13  0:12  Probe  
  14  0:20  Pylon  
  14  0:24  Probe  
  15  0:38  Probe (Chrono Boost)  
  15  0:39  Gateway  
  16  0:48  Assimilator  
  16  0:49  Probe (Chrono Boost)  
  17  0:53  Probe (Chrono Boost)  
  18  1:04  Probe  
  19  1:16  Probe  
  20  1:27  Nexus  
  20  1:38  Cybernetics Core  
  20  1:40  Probe  
  21  1:47  Assimilator  
  21  1:52  Probe  
  22  1:57  Pylon  
  23  2:15  Zealot (Chrono Boost)  
  23  2:17  Stargate  
  23  2:19  Probe  
  25  2:32  Probe  
  26  2:39  Probe  
  26  2:40  Stalker (Chrono Boost)  
  29  2:45  Shield Battery  
  29  2:48  Probe  
  30  2:51  Void Ray (Chrono Boost)  
  34  3:06  Shield Battery  
  34  3:15  Stalker  
  34  3:19  Void Ray (Chrono Boost)  
  36  3:28  Shield Battery  
  40  3:38  Probe  
  35  3:50  Probe  
  30  3:56  Probe  
  29  4:06  Void Ray (Chrono Boost)  
  29  4:08  Probe  
  31  4:16  Probe  
  36  4:30  Shield Battery  
  35  4:31  Shield Battery  
  35  4:32  Probe  
  36  4:41  Pylon  
Show
View Real Time Build Order
Export as new Build Order

ShaDoWn Protoss - Winner!

Build Orders: Proxy Void Ray 

Get SALT Encoding   

  12  0:00  Probe  
  13  0:12  Probe  
  14  0:17  Pylon  
  14  0:24  Probe (Chrono Boost)  
  15  0:36  Probe (Chrono Boost)  
  15  0:38  Gateway  
  16  0:45  Probe (Chrono Boost)  
  16  0:47  Assimilator  
  17  0:51  Probe  
  17  0:56  Assimilator  
  18  1:03  Probe (Chrono Boost)  
  19  1:10  Gateway  
  19  1:14  Probe (Chrono Boost)  
  20  1:18  Probe (Chrono Boost)  
  21  1:27  Cybernetics Core  
  21  1:30  Probe  
  22  1:39  Pylon  
  22  1:42  Probe  
  23  1:57  Probe  
  24  2:05  Stargate  
  24  2:08  Adept x2  
  24  2:12  Warp Gate  
  28  2:24  Shield Battery  
  28  2:26  Pylon  
  28  2:40  Void Ray (Chrono Boost)  
  28  2:42  Adept  
  34  2:56  Pylon  
  34  3:09  Void Ray  
  34  3:17  Shield Battery  
  38  3:22  Shield Battery  
  38  3:29  Shield Battery  
  38  3:43  Shield Battery  
  38  3:44  Void Ray (Chrono Boost)  
  36  3:55  Shield Battery  
  38  4:07  Shield Battery  
  38  4:14  Void Ray  
  38  4:16  Shield Battery  
  42  4:27  Shield Battery  
  42  4:29  Pylon  
Tags
 
Add a new tag
Caveats
  • Supply blocks, unpowered buildings, or Contaminate may cause inaccurate times.
  • Supply counts are checked every 10 seconds.